 Dungeon Crawl Stone Soup version 0.22-b1-21-g5cfc168 (webtiles) character file.

46 tyranidshit the Skirmisher (level 3, 0/46 HPs)
             Began as a Demonspawn Abyssal Knight on Aug 3, 2018.
             Was a Follower of Lugonu.
             Succumbed to an adder's poison
             ... on level 2 of the Dungeon.
             The game lasted 00:02:15 (758 turns).

tyranidshit the Skirmisher (DsAK)                    Turns: 758, Time: 00:02:15

Health: 0/46       AC: 21    Str: 17    XL:     3   Next: 46%
Magic:  4/4        EV:  2    Int: 13    God:    Lugonu [*.....]
Gold:   73         SH:  0    Dex: 12    Spells: 2/2 levels left

rFire    . . .     SeeInvis .   a - +1 hand axe
rCold    . . .     Gourm    .   (no shield)
rNeg     + + +     Faith    .   (armour currently unavailable)
rPois    +         Spirit   .   (helmet currently unavailable)
rElec    .         Reflect  .   (cloak currently unavailable)
rCorr    .         Harm     .   (gloves currently unavailable)
MR       .....     NoTele   +   (boots currently unavailable)
Stlth    +.........             j - amulet of inaccuracy (curse)
HPRegen  0.15/turn              (no ring)
MPRegen  0.09/turn              (no ring)

@: lethally poisoned (0 -> -4), tree-form
A: powered by pain 1, strong 2
a: Depart the Abyss, Renounce Religion


You were on level 2 of the Dungeon.
You worshipped Lugonu.
Lugonu was aware of your devotion.
You were not hungry.
You were a tree.
You visited 1 branch of the dungeon, and saw 2 of its levels.
You visited the Abyss 1 time.

You collected 73 gold pieces.

Inventory:

Hand Weapons
 a - a +1 hand axe (weapon)
Armour
 b - a +0 leather armour (melded)
Jewellery
 e - an uncursed amulet of magic regeneration
 j - a cursed amulet of inaccuracy (around neck)
Potions
 g - a potion of haste
Comestibles
 c - 2 rations


   Skills:
 + Level 4.5 Fighting
 - Level 1.7 Axes
 - Level 1.7 Armour
 - Level 0.8 Dodging
 - Level 2.4 Invocations


You had 2 spell levels left.
You didn't know any spells.
Your spell library was empty.

Dungeon Overview and Level Annotations

Branches:
Dungeon (2/15)

Altars:


Innate Abilities, Weirdness & Mutations

((You have large cloven feet.))
You sometimes gain a little power by taking damage.
((You are covered in fur. (AC +1)))
Your muscles are very strong. (Str +4)


Message History

You feel sick. The adder barely misses you. The adder closely misses you.
You turn into a tree.
Your +0 leather armour melds into your body.
Your roots penetrate the ground.
* * * LOW HITPOINT WARNING * * *
You feel sick. The adder bites you but does no damage.
You hit the adder.
The adder is almost dead.
* * * LOW HITPOINT WARNING * * *
You feel sick.
The adder bites you but does no damage. x2
You miss the adder.
The adder is almost dead.
The adder bites you but does no damage.
You barely miss the adder.
The adder is almost dead.
* * * LOW HITPOINT WARNING * * *
You feel sick.
The adder bites you but does no damage. x2
You miss the adder.
The adder is almost dead.
You die...

..≈≈.)#<##
##≈.....§. #.##
##≈≈...... #..#
≈≈§...... ##.#
........ #.#
.....≈≈ #.###
.....≈. #...##
......S#### ###..#
.......♣..### ##.#
≈....####...#####.#
### ###.......#
#########


You could see an adder.

Vanquished Creatures
  2 dart slugs (D:1)
  2 leopard geckos (D:1)
  2 giant cockroaches (D:1)
  3 goblins (D:1)
  4 hobgoblins
  3 jackals (D:1)
  9 bats (D:1)
  4 frilled lizards
  4 kobolds (D:1)
  6 rats (D:1)
39 creatures vanquished.

Notes
Turn   | Place    | Note
-------+----------+-------------------------------------------
     0 | Abyss:1  | tyranidshit the Demonspawn Abyssal Knight began the quest for the Orb.
     0 | Abyss:1  | Reached XP level 1. HP: 18/18 MP: 2/2
    47 | Abyss:1  | Noticed a small abomination
    61 | Abyss:1  | Noticed a spatial vortex
    61 | Abyss:1  | Noticed a spatial vortex
    61 | Abyss:1  | Noticed a spatial vortex
    63 | Abyss:1  | Noticed a spatial vortex
    64 | D:1      | Escaped the Abyss
   110 | D:1      | Reached * piety under Lugonu
   113 | D:1      | Gained mutation: You sometimes gain a little power by taking damage. [demonic ancestry]
   113 | D:1      | Reached XP level 2. HP: 15/24 MP: 3/3
   240 | D:1      | Reached skill level 4 in Fighting
   416 | D:1      | Gained mutation: You have large cloven feet. [demonic ancestry]
   416 | D:1      | Reached XP level 3. HP: 25/30 MP: 4/4
   709 | D:2      | Gained mutation: You are covered in fur. (AC +1) [potion of mutation]
   709 | D:2      | Gained mutation: Your muscles are strong. (Str +2) [potion of mutation]
   709 | D:2      | Gained mutation: Your muscles are very strong. (Str +4) [potion of mutation]
   755 | D:2      | HP: 2/46 [poisoned by an adder]
   758 | D:2      | Succumbed to an adder's poison

Skill      XL: |  1  2 |
---------------+-------+-----
Fighting       | 4 |  4.5
Axes           | |  1.7
Armour         | |  1.7
Dodging        | |  0.8
Invocations    | |  2.4

Action                   || total
-------------------------++-------
Melee: Hand axe          ||   107
       Kick              ||     7
Invok: Depart the Abyss  ||     1
  Use: Scroll            ||     3
       Potion            ||     5
Armor: Leather armour    ||    40
       Skin              ||     6
Dodge: Dodged            ||    87
